 Dungeon Crawl Stone Soup version 0.19-a0-475-gfca3800 (webtiles) character file.

648 namelastname112 the Grave Robber (level 7, -1/41 HPs)
             Began as a Tengu Necromancer on June 4, 2016.
             Slain by a crimson imp (4 damage)
             ... on level 5 of the Dungeon.
             The game lasted 00:07:25 (4800 turns).

namelastname112 the Grave Robber (TeNe)             Turns: 4800, Time: 00:07:25

Health: -1/41      AC:  3    Str:  9    XL:     7   Next: 53%
Magic:  6/13       EV: 14    Int: 15    God:
Gold:   228        SH:  0    Dex: 16    Spells: 4 memorised, 5 levels left

rFire  . . .     SeeInvis .     z - +0 falchion (pain)
rCold  . . .     Gourm    .     a - +1 robe
rNeg   . . .     Faith    .     (no shield)
rPois  +         Spirit   .     (helmet restricted)
rElec  .         Dismiss  .     (no cloak)
rCorr  .         Reflect  .     (no gloves)
SustAt .         Harm     +     (boots unavailable)
MR     .....     Rnd*Tele +     g - amulet of harm
Stlth  ++........               e - ring of teleportation (curse)
                                C - ring of poison resistance

@: not resistant to hostile enchantments, unstealthy
A: beak, talons 3, able to fly 1
a: Fly


You were on level 5 of the Dungeon.
You were hungry.

You visited 2 branches of the dungeon, and saw 6 of its levels.

You collected 228 gold pieces.

Inventory:

Hand Weapons
 q - a +2 whip of electrocution
 y - a +2 dagger of draining
 z - a +0 falchion of pain (weapon)
Armour
 a - a +1 robe (worn)
 l - a +2 buckler
Jewellery
 e - a cursed ring of teleportation (right hand)
 g - an amulet of harm (around neck)
 k - an uncursed ring of ice
 p - a +5 ring of intelligence
 C - a ring of poison resistance (left hand)
Wands
 o - a wand of iceblast (7/15)
 s - a wand of iceblast (9/15)
Scrolls
 d - a scroll of teleportation {unknown}
 f - 4 scrolls of enchant weapon
 t - 2 scrolls of identify
 u - a scroll of blinking {unknown}
Potions
 h - a potion of degeneration
 j - 2 potions of heal wounds {unknown}
 m - a potion of agility
 n - a potion of brilliance {unknown}
 r - a potion of haste
 v - 2 potions of mutation {unknown}
 w - 2 potions of ambrosia {unknown}
 x - 2 potions of curing {unknown}
 B - a potion of flight {unknown}
Books
 b - a book of Necromancy

   Spells                             Type                      Level
   a - Pain                           Necromancy                   1
   b - Animate Skeleton               Necromancy                   1
   c - Vampiric Draining              Necromancy                   3
   d - Regeneration                   Charms/Necromancy            3
   e - Animate Dead                   Necromancy                   4
   f - Control Undead                 Necromancy                   4
Comestibles
 c - 5 bread rations
 i - 7 meat rations
 A - 2 chunks of flesh


   Skills:
 + Level 3.3 Fighting
 + Level 4.1 Dodging
 - Level 2.0 Stealth
 + Level 3.7 Spellcasting
 * Level 7.1 Necromancy


You had 5 spell levels left.
You knew the following spells:

 Your Spells              Type           Power        Failure   Level  Hunger
a - Animate Skeleton      Necr           N/A          1%          1    None
d - Regeneration          Chrm/Necr      ##........   14%         3    ###....
s - Vampiric Draining     Necr           ###.......   2%          3    ###....
z - Pain                  Necr           ###.         1%          1    None


Dungeon Overview and Level Annotations

Branches:
Dungeon (5/15)             Temple (1/1) D:4

Altars:
Cheibriados
Dithmenos
Elyvilon
Fedhas
Gozag
Hepliaklqana
Makhleb
Nemelex Xobeh
Okawaru
Qazlal
Ru
Sif Muna
Vehumet
Xom
Yredelemnul
Zin


Innate Abilities, Weirdness & Mutations

You have a beak for a mouth.
You have claws for feet.
You can fly.


Message History

You hit the centaur.
The centaur writhes in agony.
You claw the centaur. You peck the centaur, but do no damage.
The centaur is heavily wounded.
The centaur barely misses you. The crimson imp closely misses you.
The centaur hits you.
You take 3 damage, and have 22/41 hp.
You hit the centaur.
The centaur writhes in agony.
Your kick misses the centaur. You peck the centaur, but do no damage.
The centaur is almost dead.
The centaur barely misses you. The crimson imp hits you.
The centaur misses you. The crimson imp closely misses you.
You take 3 damage, and have 19/41 hp.
You barely miss the centaur.
The centaur is almost dead.
The centaur hits you!
* * * LOW HITPOINT WARNING * * *
The centaur hits you!
* * * LOW HITPOINT WARNING * * *
The crimson imp hits you.
You die...

#.. ..... .
#.. ....
..###########
?..........
.......
#######
#...)(#
#.5(..#
#c@#..#
#..#..#
....#....
#..$..#....ยง
#############


You could see a centaur and a crimson imp.

Vanquished Creatures
  Eustachio (D:4)
  2 ogres
  2 scorpions
  A jelly (D:5)
  An iguana (D:4)
  An orc wizard (D:4)
  2 worker ants (D:4)
  3 adders
  A worm (D:3)
  2 dart slugs (D:1)
  3 giant geckos
  16 orcs
  A ball python (D:1)
  2 giant cockroaches (D:1)
  4 goblins
  10 hobgoblins
  2 jackals (D:1)
  5 bats
  6 giant newts
  6 kobolds
  10 rats
81 creatures vanquished.

Vanquished Creatures (collateral kills)
  A dart slug (D:1)
  A rat (D:1)
2 creatures vanquished.

Grand Total: 83 creatures vanquished

Notes
Turn   | Place    | Note
--------------------------------------------------------------
     0 | D:1      | namelastname112 the Tengu Necromancer began the quest for the Orb.
     0 | D:1      | Reached XP level 1. HP: 10/10 MP: 4/4
   304 | D:1      | Reached XP level 2. HP: 10/15 MP: 0/6
   414 | D:1      | Learned a level 1 spell: Animate Skeleton
   681 | D:1      | Reached skill level 1 in Fighting
  1229 | D:1      | Reached XP level 3. HP: 15/20 MP: 1/7
  1642 | D:2      | Learned a level 3 spell: Vampiric Draining
  2019 | D:2      | Reached skill level 5 in Necromancy
  2204 | D:2      | Reached XP level 4. HP: 22/26 MP: 2/8
  2888 | D:3      | Gained mutation: You can fly. [Tengu growth]
  2888 | D:3      | Reached XP level 5. HP: 8/30 MP: 4/10
  3030 | D:3      | Found a blossoming altar of Fedhas.
  3411 | D:4      | Learned a level 3 spell: Regeneration
  3503 | D:4      | Noticed an ogre
  3503 | D:4      | Found a staircase to the Ecumenical Temple.
  3519 | D:4      | Killed an ogre
  3519 | D:4      | Reached skill level 6 in Necromancy
  3519 | D:4      | Reached XP level 6. HP: 25/36 MP: 1/11
  3609 | Temple   | Entered the Ecumenical Temple
  3834 | D:4      | Found a sacrificial altar of Ru.
  4115 | D:4      | Noticed Eustachio
  4124 | D:4      | Killed Eustachio
  4124 | D:4      | Reached XP level 7. HP: 38/41 MP: 7/13
  4299 | D:4      | jacquesderrida: hai
  4483 | D:4      | jacquesderrida: che delaish
  4497 | D:4      | namelastname112: niche
  4497 | D:4      | jacquesderrida: pein
  4497 | D:4      | namelastname112: a ty
  4612 | D:4      | Found a glowing silver altar of Zin.
  4612 | D:4      | Found a basalt altar of Yredelemnul.
  4652 | D:4      | jacquesderrida: ya prost)))
  4713 | D:5      | Entered Level 5 of the Dungeon
  4793 | D:5      | Reached skill level 7 in Necromancy
  4800 | D:5      | Slain by a crimson imp

Vault maps used:
D:1:      dpeg_arrival_another_circle, st_stairs_5
D:2:      serial_co_window_serial, co_window_paths_a, co_window_paths_b,
          co_window_cross_1, co_window_corner_a, co_window_corner_a,
          co_window_unsneaky_path_a, co_window_of_opportunity_b,
          co_window_broadway_a, co_window_2corner, co_window_cross_4,
          co_window_corner_b, co_window_4corner_a, glass_columns_b,
          glass_columns_c, first_bread, minmay_misc_feat_cross
D:3:      fedhas_altar_1
D:4:      nicolae_overflow_hidden_temple, old_standard_altar,
          minmay_temple_entry_large_hall, solitary_fountain, uniq_eustachio
D:5:      kennysheep_windowed_halls, tso_oasis_becter, lemuel_doored_altar,
          grunt_dithmenos_smoke
Temple:   water_room_temple_b_12

Skill      XL: |  1  2  3  4  5  6  7 |
---------------+----------------------+-----
Fighting       | 1 2 3 |  3.3
Necromancy     | 5 6 7 |  7.1
Dodging        | 3 4 |  4.1
Spellcasting   | 3 |  3.7
Stealth        | |  2.0

Action                   |  1- 3 |  4- 6 |  7- 9 || total
-------------------------+-------+-------+-------++-------
Melee: Dagger            |    29 |     1 |       ||    30
       Kick              |     5 |     5 |     4 ||    14
       Peck              |     2 |     2 |     4 ||     8
       Short sword       |       |    12 |       ||    12
       Whip              |       |     4 |       ||     4
       Falchion          |       |       |    22 ||    22
 Cast: Pain              |    57 |    54 |     9 ||   120
       Animate Skeleton  |     9 |     6 |     3 ||    18
       Vampiric Draining |       |     5 |     5 ||    10
  Use: Scroll            |     2 |     6 |       ||     8
 Stab: Sleeping          |     2 |       |     1 ||     3
  Eat: Chunk             |     5 |     5 |     3 ||    13
Armor: Robe              |     7 |     2 |     3 ||    12
Dodge: Dodged            |    41 |    22 |    23 ||    86
